 Dungeon Crawl Stone Soup version 0.28-a0-533-g9f97627e2a (webtiles) character file.

Game seed: 6977679041002862175

0 Gargoyl the Skirmisher (level 1, -5/23 HPs)
             Began as a Gnoll Abyssal Knight on Sept 25, 2021.
             Was a Follower of Lugonu.
             Slain by an ancient zyme (14 damage)
             ... on level 1 of the Abyss.
             The game lasted 00:00:45 (95 turns).

Gargoyl the Skirmisher (Gnoll Abyssal Knight)         Turns: 95, Time: 00:00:45

Health: -5/23      AC:  3    Str: 12    XL:     1   Next: 0%
Magic:  3/3        EV: 12    Int:  9    God:    Lugonu [*.....]
Gold:   4          SH:  0    Dex: 12    Spells: 0/0 levels left

rFire   . . .      SeeInvis .   a - +1 hand axe
rCold   . . .      Faith    .   (no shield)
rNeg    . . .      Spirit   .   b - +0 leather armour
rPois   .          Reflect  .   (no helmet)
rElec   .          Harm     .   (no cloak)
rCorr   .          Rampage  .   (no gloves)
Will    .....                   (no boots)
Stlth   +.........              (no amulet)
HPRegen 0.00/turn               (no ring)
MPRegen 0.08/turn               (no ring)

@: diseased
A: fangs 1, strong nose, distributed training
a: Renounce Religion, Depart the Abyss


You were on level 1 of the Abyss.
You worshipped Lugonu.
Lugonu was aware of your devotion.
You visited 0 branches of the dungeon, and saw 0 of its levels.
You visited the Abyss 1 time.

You collected 4 gold pieces.

Inventory:

Hand Weapons
 a - a +1 hand axe (weapon)
Armour
 b - a +0 leather armour (worn)


   Skills:
 + Level 6.4 Fighting
 + Level 0.0 Short Blades
 + Level 0.0 Long Blades
 + Level 4.4 Axes
 + Level 0.0 Maces & Flails
 + Level 0.0 Polearms
 + Level 0.0 Staves
 + Level 0.0 Slings
 + Level 0.0 Bows
 + Level 0.0 Crossbows
 + Level 0.0 Throwing
 + Level 4.4 Armour
 + Level 2.3 Dodging
 + Level 0.0 Stealth
 + Level 0.0 Shields
 + Level 0.0 Unarmed Combat
 + Level 0.0 Spellcasting
 + Level 0.0 Conjurations
 + Level 0.0 Hexes
 + Level 0.0 Summonings
 + Level 0.0 Necromancy
 + Level 0.0 Translocations
 + Level 0.0 Transmutations
 + Level 0.0 Fire Magic
 + Level 0.0 Ice Magic
 + Level 0.0 Air Magic
 + Level 0.0 Earth Magic
 + Level 0.0 Poison Magic
 + Level 4.4 Invocations
 + Level 0.0 Evocations


You couldn't memorise any spells.
You didn't know any spells.
Your spell library was empty.

Dungeon Overview and Level Annotations

Branches:
Dungeon (0/15)

Altars:


Innate Abilities, Weirdness & Mutations

You have very sharp teeth.
Your uncanny sense of smell can sniff out nearby items.
Your experience applies equally to all skills.


Message History

Press ? for a list of commands and other information.
Found a corrupted altar of Lugonu.
Unknown command.
Press < or > to pray at altars.
Found a gateway leading out of the Abyss.
Found a gateway leading deeper into the Abyss.
You now have 4 gold pieces.
A tentacled starspawn comes into view.
Unknown command.
A tentacled starspawn is nearby!
Tentacles burst from the starspawn's body! 2 starspawn tentacles come into view.
The starspawn tentacle grabs you. The starspawn tentacle constricts you.
You escape the starspawn tentacle's grasp.
The starspawn tentacle grabs you. The starspawn tentacle constricts you.
You escape the starspawn tentacle's grasp.
Tentacles burst from the starspawn's body! 2 starspawn tentacles come into view.
Tentacles burst from the starspawn's body! 2 starspawn tentacles come into view.
Unknown command.
A tentacled starspawn is nearby!
Unknown command.
An ancient zyme comes into view.
You feel yourself growing ill in the presence of the ancient zyme.
Found a gateway leading deeper into the Abyss.
Tentacles burst from the starspawn's body! 2 starspawn tentacles come into view.
The ancient zyme hits you.
The ancient zyme hits you but does no damage.
You feel ill.
The starspawn tentacle barely misses you.
The starspawn tentacle grabs you. The starspawn tentacle constricts you.
You escape the starspawn tentacle's grasp.
The ancient zyme hits you. The ancient zyme closely misses you.
There is a gateway leading deeper into the Abyss here.
The ancient zyme hits you but does no damage.
The ancient zyme hits you!
Ouch! That really hurt!
You die...

..# #.. ## #.. # .
. . .# ... ..##
#.### #.
#.#####...#.. # #
.......... ### #
.. .#....#. #
#..## ..#... # #
.#. #...#..#.#.#
#.### #
#..@##..####..#...
. #...#.x.##.#..
...#.## .....
#.#.....##.#.. #..
#...
#..#.##...#.#.#.#.
..#
#...#.#.....##.# .
. ##.# ##.#.\##
.w# ...#
#.#..\#..X.. ...##
# .##.V... . #..#
#.## #...##..


You could see an ancient zyme.

Vanquished Creatures (others)
  8 starspawn tentacles (Abyss:1)
8 creatures vanquished.

Notes
Turn   | Place    | Note
-------+----------+-------------------------------------------
     0 | Abyss:1  | Gargoyl the Gnoll Abyssal Knight began the quest for the
                  | Orb.
     0 | Abyss:1  | Reached XP level 1. HP: 23/23 MP: 3/3
    62 | Abyss:1  | Noticed a tentacled starspawn
    86 | Abyss:1  | Noticed an ancient zyme
    95 | Abyss:1  | Slain by an ancient zyme

Illustrated notes

Levels and vault maps discovered:
Abyss:1:  base: Temple, base:
Temple

Action                   || total
-------------------------++-------
Armor: Leather armour    ||     2
Dodge: Dodged            ||     2

Table legend: (Time is in decaauts)
 A = Elapsed time spent in this place.
 B = Non-inter-level travel time spent in this place.
 C = Inter-level travel time spent in this place.
 D = Time resting spent in this place.
 E = Time spent auto-exploring this place.
 F = Levels seen in this place.
 G = Mean time per level.
                   A        B        C        D        E       F      G
               +--------+--------+--------+--------+--------+-----+--------+
         Total |     95 |     95 |      0 |      0 |     61 |   1 |   95.0 |
         Abyss |     95 |     95 |      0 |      0 |     61 |   1 |   95.0 |
               +--------+--------+--------+--------+--------+-----+--------+

Top non-repeatable levels by time:
 Abyss:1: 95 daAuts
